cohdb
Replays
Latest Replays
All Replays
Popular Replays
Top Player Replays
Match Explorer
How It Works
Community
CoH3 Stats
Reddit
Sign in to upload your games and track your stats! →
Sign in with Steam
Match 35784759
Unlisted
Match 35784759
Overview
Messages
Build Orders
End
Construct Barracks
Selects Advanced Infantry Battlegroup
Riflemen Squad
Riflemen Squad
Engineer Squad
.30 cal Machine Gun
Selects Convert to Ranger Squad
Infantry Support Center
Convert to Ranger Squad
Scout Squad
Advanced Logistics
Munitions Surplus
Convert to Ranger Squad
.30 cal Machine Gun
Selects Frontline Medical Station
Frontline Medical Station
Survival Training
Selects Ammunition Storage
[TP] Astartes
[TP] Eko
[TP] bodja1996rr
MuniekPL
Husar
Felipe
0
0
Comments
sign in to comment!
No comments posted yet!